 Dungeon Crawl Stone Soup version 0.28.0-53-g5a82cb258f (webtiles) character file.

Game seed: 17091733914113851514

15 ILmort the Skirmisher (level 2, -1/24 HPs)
             Began as a Demonspawn Berserker on Aug 14, 2022.
             Was a Follower of Trog.
             Slain by a gnoll
             ... wielding a +0 flail
              (11 damage)
             ... on level 1 of the Dungeon.
             The game lasted 00:01:25 (494 turns).

ILmort the Skirmisher (Demonspawn Berserker)         Turns: 494, Time: 00:01:26

Health: -1/24      AC:  2    Str: 17    XL:     2   Next: 34%
Magic:  2/2        EV: 12    Int:  8    God:    Trog [*.....]
Gold:   11         SH:  0    Dex: 12    Spells: 1/1 levels left

rFire   . . .      SeeInvis .   a - +0 mace
rCold   . . .      Faith    .   (no shield)
rNeg    . . .      Spirit   .   b - +0 animal skin
rPois   .          Reflect  .   (no helmet)
rElec   .          Harm     .   (no cloak)
rCorr   .          Rampage  .   (no gloves)
Will    .....                   (no boots)
Stlth   +.........              (no amulet)
HPRegen 0.08/turn               (no ring)
MPRegen 0.08/turn               (no ring)

@: no status effects
A: demonic magic 1
a: Renounce Religion, Berserk


You were on level 1 of the Dungeon.
You worshipped Trog.
Trog was aware of your devotion.
You visited 1 branch of the dungeon, and saw 1 of its levels.

You collected 11 gold pieces.

Inventory:

Hand Weapons
 a - a +0 mace (weapon)
Armour
 b - a +0 animal skin (worn)
Scrolls
 f - a scroll of vulnerability {unknown}
Potions
 c - a potion of heal wounds {unknown}
 d - a potion of curing {unknown}
 e - a potion of mutation {unknown}


   Skills:
 - Level 3.1 Fighting
 + Level 3.1 Maces & Flails
 - Level 1.9 Armour
 - Level 1.9 Dodging


You had one spell level left.
You didn't know any spells.
Your spell library was empty.

Dungeon Overview and Level Annotations

Branches:
Dungeon (1/15)

Altars:


Innate Abilities, Weirdness & Mutations

Spells you cast may paralyse adjacent enemies.


Message History

No target in view!
No target in view!
No target in view!
No target in view!
No target in view!
No target in view!
No target in view!
No target in view!
No target in view!
f - a scroll labelled DURYKK CALE A gnoll and a kobold come into view.
The gnoll shouts!
The kobold shouts!
The kobold barely misses you.
You closely miss the kobold. The kobold hits you but does no damage.
You hit the gnoll.
The kobold hits you with a +0 short sword.
The gnoll barely misses you.
You are too injured to fight recklessly!
You are too injured to fight recklessly!
You are too injured to fight recklessly!
You are too injured to fight recklessly!
You are too injured to fight recklessly!
You are too injured to fight recklessly!
You are too injured to fight recklessly!
You are too injured to fight recklessly!
You are too injured to fight recklessly!
You are too injured to fight recklessly!
You are too injured to fight recklessly!
You are too injured to fight recklessly!
You are too injured to fight recklessly!
You are too injured to fight recklessly!
You are too injured to fight recklessly!
You are too injured to fight recklessly!
You are too injured to fight recklessly!
You barely miss the gnoll. The kobold barely misses you.
The gnoll hits you with a +0 flail!
You hit the gnoll.
The kobold hits you with a +0 short sword.
The gnoll hits you with a +0 flail!
You die...

.###.<.#
#.....#.....##
..#.# .# #...#
#...._#....##
#.#.# P# ###.#
#.....##>.##
#.#.# P# .#
##....#...
#.#.# ≈# .#
#...##..#
#.#.# #≈≈P...#
##...##..#
#.#.# P≈P##.#
#...###.#
#.#.# ≈PP# .#
##...#.K.#
#.#[# .##P≈
#..†.#@###
#.#.# ≈P
#....#.g.#
#...# ...
#....#.#...#
###.# ########
#....#.###...#
#.## ........
#............#
#..# .##..##
##.....#######
#..# .## . #
#....## ##.#
..# .##..
##...# #.# #.#
... .. #...#
#.#


You could see a gnoll and a kobold.

Vanquished Creatures
  3 endoplasms (D:1)
  A goblin (D:1)
  A kobold (D:1)
  3 quokkas (D:1)
  A ball python (D:1)
  3 frilled lizards (D:1)
  2 rats (D:1)
14 creatures vanquished.

Notes
Turn   | Place    | Note
-------+----------+-------------------------------------------
     0 | D:1      | ILmort the Demonspawn Berserker began the quest for the
                  | Orb.
     0 | D:1      | Reached XP level 1. HP: 18/18 MP: 1/1
   298 | D:1      | Gained mutation: Spells you cast may paralyse adjacent
                  | enemies. [demonic ancestry]
   298 | D:1      | Reached XP level 2. HP: 24/24 MP: 2/2
   462 | D:1      | Found a faded altar of an unknown god.
   494 | D:1      | Slain by a gnoll

Illustrated notes

Levels and vault maps discovered:
D:1:      psy_arrival_conway, layout_rooms, serial_aquarium,
          aquarium_bridge_straight [aquarium_subvault_bridge,
          aquarium_subvault_window, aquarium_subvault_bridge,
          aquarium_subvault_wall], aquarium_bridge_square
          [aquarium_subvault_bridge, aquarium_subvault_bridge,
          aquarium_subvault_bridge, aquarium_subvault_window],
          aquarium_window_fake, aquarium_window_corner, aquarium_window_1,
          aquarium_view_2c, aquarium_view_4, aquarium_balcony_1b,
          hellmonk_ecumenical_altar_zigzags

Skill      XL: |  1  2 |
---------------+-------+-----
Maces & Flails | 3 |  3.1
Fighting       | |  3.1
Armour         | |  1.9
Dodging        | |  1.9

Action                   || total
-------------------------++-------
Melee: Mace              ||    37
 Stab: Sleeping          ||     1
Armor: Animal skin       ||     5
Dodge: Dodged            ||    20
